 Dungeon Sprint DCSS version 0.27-a0-1196-g3e9cee4cb2 (webtiles) character file.

Game seed: 10788829842658263725

63443 mhtbhm the Archmage (level 14, -6/74 HPs)
             Began as a Deep Elf Earth Elementalist on May 27, 2021.
             Was the Champion of Vehumet.
             Drowned by Igieq the pandemonium lord (21 damage)
             ... in the Dungeon (Sprint VII: "The Pits").
             The game lasted 00:17:27 (4444 turns).

mhtbhm the Archmage (Deep Elf Earth Elementalist)   Turns: 4444, Time: 00:17:28

Health: -6/74      AC: 15    Str:  5    XL:     14   Next: 68%
Magic:  1/47       EV: 24    Int: 29    God:    Vehumet [******]
Gold:   20         SH:  5    Dex: 19    Spells: 35/67 levels left

rFire    . . .     SeeInvis .   I - +4 staff of Dispater
rCold    . . .     Faith    .   (no shield)
rNeg     + . .     Spirit   .   H - +4 Cigotuvi's embrace {rMiasma Drain rN+}
rPois    .         Reflect  +   q - +0 helmet
rElec    .         Harm     .   k - +1 cloak
rCorr    .         Rampage  .   p - +0 pair of gloves of the Ladybird {Dex+4}
Will     +....     NoTele   +   c - +1 pair of boots
Stlth    +++.......             F - amulet of reflection
HPRegen  0.22/turn              m - +3 ring of intelligence
MPRegen  0.30/turn              o - +3 ring of evasion

@: studying Shields
A: no striking features
a: Renounce Religion


You were in the Dungeon.
You worshipped Vehumet.
Vehumet was exalted by your worship.
You visited 1 branch You collected 20 gold pieces.

Inventory:

Hand Weapons
 l - a +2 rapier of venom
 I - the +4 staff of Dispater (weapon)
   (You took it off Dispater in the Dungeon)
Missiles
 b - 86 stones
Armour
 c - a +1 pair of boots (worn)
 k - a +1 cloak (worn)
 p - the +0 pair of gloves of the Ladybird (worn) {Dex+4}
   (You found it in the Dungeon)

   It affects your dexterity (+4).
 q - a +0 helmet (worn)
 H - the +4 Cigotuvi's embrace (worn) {rMiasma Drain rN+}
   (You found it in the Dungeon)

   It protects you from negative energy.
   It drains your maximum health when unequipped.
Jewellery
 m - a +3 ring of intelligence (left hand)
 o - a +3 ring of evasion (right hand)
 t - an amulet of magic regeneration
 w - a ring of ice
 x - a ring of protection from fire
 F - an amulet of reflection (around neck)
Wands
 r - a wand of polymorph (8)
 s - a wand of paralysis (5)
 u - a wand of iceblast (7)
 v - a wand of flame (24)
Scrolls
 j - 5 scrolls of amnesia
 y - a scroll of identify
 A - 4 scrolls of enchant weapon
 B - a scroll of fog
 C - a scroll of fear
 E - 2 scrolls of enchant armour
Potions
 a - 2 potions of invisibility
 d - 9 potions of curing
 e - a potion of heal wounds
 f - a potion of haste
 g - a potion of magic
 h - 4 potions of berserk rage
 i - a potion of degeneration {unknown}
 n - 6 potions of brilliance
 z - 2 potions of might
 D - a potion of resistance
Miscellaneous
 G - a lightning rod (2/4)


   Skills:
 - Level 3.5 Fighting
 + Level 7.6 Armour
 + Level 15.4 Dodging
 + Level 6.4 Stealth
 - Level 4.4 Shields
 O Level 27 Spellcasting
 + Level 7.3 Conjurations
 + Level 1.8 Transmutations
 * Level 12.1 Fire Magic
 O Level 27 Earth Magic
 + Level 1.1 Evocations


You had 35 spell levels left.
You knew the following spells:

 Your Spells              Type           Power      Damage    Failure   Level
a - Sandblast             Erth           100%       2d20      0%          1
b - Passwall              Tmut/Erth      74%        N/A       0%          2
c - Stone Arrow           Conj/Erth      100%       3d13      0%          3
d - Lee's Rapid Deconstr  Erth           57%        3d27*     0%          5
e - Petrify               Tmut/Erth      89%        N/A       1%          4
f - Lehudib's Crystal Sp  Conj/Erth      47%        10d11     1%          8
g - Fire Storm            Conj/Fire      38%        8d10      98%         9

Your spell library contained the following spells:

 Spells                   Type           Power      Damage    Failure   Level
 Chain Lightning          Conj/Air       28%        N/A       96%         8


Dungeon Overview and Level Annotations

Branches:
Dungeon (1/1)

Altars:
Ashenzari
Cheibriados
Dithmenos
Elyvilon
Fedhas
Gozag
Hepliaklqana
Kikubaaqudgha
Makhleb
Nemelex Xobeh
Okawaru
Qazlal
Ru
Sif Muna
Trog
Uskayaw
Vehumet
Wu Jian
Xom
Yredelemnul
Zin
The Shining One
Beogh
Jiyva
Lugonu


Message History

Confirm with . or Enter, or press ? or * to list all spells.
Aiming: Lehudib's Crystal Spear (dangerous; 1% risk of failure)
Press: ? - help, Shift-Dir - straight line, f/p - Igieq
Aim: Igieq (56% to hit)
The crystal spear misses Igieq.
Igieq engulfs you. Igieq drowns you!
Unknown command.
Unknown command.
Casting: Lehudib's Crystal Spear (dangerous; 1% risk of failure)
Confirm with . or Enter, or press ? or * to list all spells.
Aiming: Lehudib's Crystal Spear (dangerous; 1% risk of failure)
Press: ? - help, Shift-Dir - straight line, f/p - Igieq
Aim: Igieq (56% to hit)
The crystal spear hits Igieq!!!!
Igieq is heavily wounded.
Igieq engulfs you!! Igieq drowns you!
Unknown command.
Unknown command.
Casting: Lehudib's Crystal Spear (dangerous; 1% risk of failure)
Confirm with . or Enter, or press ? or * to list all spells.
Aiming: Lehudib's Crystal Spear (dangerous; 1% risk of failure)
Press: ? - help, Shift-Dir - straight line, f/p - Igieq
Aim: Igieq (heavily wounded, 56% to hit)
The crystal spear hits Igieq!!!
Igieq is severely wounded.
Igieq gestures.
A dragon appears.
Unknown command.
Casting: Lehudib's Crystal Spear (dangerous; 1% risk of failure)
Confirm with . or Enter, or press ? or * to list all spells.
You don't know that spell.
Unknown command.
Casting: Lehudib's Crystal Spear (dangerous; 1% risk of failure)
Confirm with . or Enter, or press ? or * to list all spells.
Aiming: Lehudib's Crystal Spear (dangerous; 1% risk of failure)
Press: ? - help, Shift-Dir - straight line, f/p - Igieq
Aim: Igieq (severely wounded, 56% to hit)
The crystal spear misses Igieq.
Igieq engulfs you!!
* * * LOW HITPOINT WARNING * * *
Igieq drowns you!!
You die...

#+#
#.#
#&#
##@##
#..D#
+..)#
##.##
#'#
#.#
#'#
#.#
#'#


You could see Igieq and an ice dragon (summoned).

Vanquished Creatures
  Dispater (D)
  A pandemonium lord (D)
  A pearl dragon (D)
  A tentacled monstrosity (D)
  An electric golem (D)
  A deep elf blademaster (D)
  A quicksilver dragon (D)
  2 fire giants (D)
  An iron dragon (D)
  2 orc warlords (D)
  An apis (D)
  A deep elf annihilator (D)
  A stone giant (D)
  A black draconian (D)
  A red draconian (D)
  A blizzard demon (D)
  An eidolon (D)
  A green death (D)
  2 yaktaur captains (D)
  5 naga warriors (D)
  Erica (D)
  A centaur warrior (D)
  A catoblepas (D)
  2 death yaks (D)
  A vampire mage (D)
  Urug (D)
  A spriggan berserker (D)
  2 deep elf knights (D)
  A salamander mystic (D)
  A deep troll (D)
  A bog body (D)
  A lindwurm (D)
  A deep elf zephyrmancer (D)
  11 orc knights (D)
  A deep elf pyromancer (D)
  A wolf spider (D)
  An elephant (D)
  A merfolk siren (D)
  A black mamba (D)
  An orange demon (D)
  2 cane toads (D)
  An unseen horror (D)
  A rime drake (D)
  2 ice devils (D)
  An efreet (D)
  2 yaktaurs (D)
  A hellwing (D)
  Grinder (D)
  A red devil (D)
  A large abomination (D)
  A troll (D)
  A hornet (D)
  6 dream sheep (D)
  5 blink frogs (D)
  2 flying skulls (D)
  2 redbacks (D)
  A shadow (D)
  2 spriggans (D)
  An air elemental (D)
  A tarantella (D)
  A vampire (D)
  Eustachio (D)
  A basilisk (D)
  A warg (D)
  A naga (D)
  2 acid dragons (D)
  3 hell hounds (D)
  2 water moccasins (D)
  3 floating eyes (D)
  An ice beast (D)
  2 orc warriors (D)
  A necrophage (D)
  5 wolves (D)
  A centaur (D)
  A kobold brigand (D)
  2 crimson imps (D)
  An orc priest (D)
  2 jellies (D)
  2 iguanas (D)
  A small abomination (D)
  2 mummies (D)
  A gnoll (D)
  A river rat (D)
  A white imp (D)
  An ufetubus (D)
  An adder simulacrum (D)
  5 orcs (D)
  A bat zombie (D)
  An endoplasm (D)
  A giant cockroach (D)
  A goblin (D)
  3 jackals (D)
  2 quokkas (D)
  A ball python simulacrum (D)
  A ball python zombie (D)
  2 frilled lizards (D)
  A rat (D)
154 creatures vanquished.

Vanquished Creatures (others)
  An orc warlord (D)
  A vault guard (D)
  An orc knight (D)
3 creatures vanquished.

Grand Total: 157 creatures vanquished

Notes
Turn   | Place    | Note
-------+----------+-------------------------------------------
     0 | D        | mhtbhm the Deep Elf Earth Elementalist began the quest for
                  | the Orb.
     0 | D        | Reached XP level 1. HP: 10/10 MP: 6/6
     8 | D        | Noticed a floating eye
    10 | D        | Killed a floating eye
    11 | D        | Reached XP level 2. HP: 15/15 MP: 4/11
    11 | D        | Reached XP level 3. HP: 19/19 MP: 4/12
    11 | D        | Reached XP level 4. HP: 24/24 MP: 4/14
    84 | D        | Learned a level 2 spell: Passwall
    88 | D        | Learned a level 3 spell: Stone Arrow
    93 | D        | Found a bloodstained altar of Trog.
    93 | D        | Found a shimmering blue altar of Sif Muna.
    93 | D        | Found a viscous altar of Jiyva.
    93 | D        | Found a hazy altar of Hepliaklqana.
    93 | D        | Found an opulent altar of Gozag.
    95 | D        | Found a glowing golden altar of the Shining One.
    95 | D        | Found a glowing silver altar of Zin.
    95 | D        | Found a basalt altar of Yredelemnul.
    95 | D        | Found a shimmering altar of Xom.
    95 | D        | Found an ornate altar of the Wu Jian Council.
    95 | D        | Found a sacrificial altar of Ru.
    95 | D        | Found a stormy altar of Qazlal.
    95 | D        | Found an iron altar of Okawaru.
    95 | D        | Found a sparkling altar of Nemelex Xobeh.
    95 | D        | Found a burning altar of Makhleb.
    95 | D        | Found a blossoming altar of Fedhas.
    95 | D        | Found a white marble altar of Elyvilon.
    95 | D        | Found a shadowy altar of Dithmenos.
    95 | D        | Found a snail-covered altar of Cheibriados.
    97 | D        | Found a radiant altar of Vehumet.
    97 | D        | Found a corrupted altar of Lugonu.
    98 | D        | Found a hide-covered altar of Uskayaw.
    98 | D        | Found an ancient bone altar of Kikubaaqudgha.
    98 | D        | Found a broken altar of Ashenzari.
   105 | D        | Became a worshipper of Vehumet
   151 | D        | Noticed a floating eye
   155 | D        | Reached * piety under Vehumet
   155 | D        | Offered knowledge of Shock by Vehumet.
   155 | D        | Paralysed by a floating eye for 2 turns
   158 | D        | Killed a floating eye
   159 | D        | Reached skill level 5 in Dodging
   159 | D        | Reached skill level 5 in Stealth
   159 | D        | Reached XP level 5. HP: 28/28 MP: 5/17
   165 | D        | Learned a level 5 spell: Lee's Rapid Deconstruction
   170 | D        | Learned a level 4 spell: Petrify
   278 | D        | Reached ** piety under Vehumet
   363 | D        | Offered knowledge of Magic Dart by Vehumet.
   364 | D        | Reached skill level 10 in Earth Magic
   366 | D        | Noticed a water moccasin
   368 | D        | Killed a water moccasin
   368 | D        | Reached *** piety under Vehumet
   369 | D        | Reached skill level 1 in Conjurations
   369 | D        | Reached XP level 6. HP: 32/32 MP: 6/20
   512 | D        | Noticed a flying skull
   515 | D        | Killed a flying skull
   516 | D        | Reached skill level 10 in Spellcasting
   516 | D        | Reached XP level 7. HP: 36/36 MP: 12/23
   516 | D        | Reached **** piety under Vehumet
   645 | D        | Offered knowledge of Dazzling Flash by Vehumet.
   669 | D        | Noticed a cane toad
   671 | D        | Killed a cane toad
   825 | D        | Offered knowledge of Iskenderun's Mystic Blast by Vehumet.
   826 | D        | Reached ***** piety under Vehumet
   827 | D        | Reached XP level 8. HP: 41/41 MP: 18/27
   890 | D        | Noticed a death yak
   890 | D        | Noticed a death yak
   897 | D        | Killed a death yak
   897 | D        | Killed a death yak
   898 | D        | Reached skill level 15 in Earth Magic
   898 | D        | Reached XP level 9. HP: 35/46 MP: 21/31
  1111 | D        | Noticed a deep elf pyromancer
  1113 | D        | Killed a deep elf pyromancer
  1113 | D        | Offered knowledge of Frozen Ramparts by Vehumet.
  1122 | D        | Noticed Grinder
  1124 | D        | Killed Grinder
  1125 | D        | Reached skill level 1 in Fighting
  1282 | D        | Offered knowledge of Fulminant Prism by Vehumet.
  1365 | D        | Noticed a bog body
  1374 | D        | Killed a bog body
  1374 | D        | Reached ****** piety under Vehumet
  1377 | D        | Killed an unseen horror
  1378 | D        | Reached XP level 10. HP: 25/52 MP: 16/34
  1556 | D        | Noticed Urug
  1560 | D        | Killed a deep troll
  1560 | D        | Killed Urug
  1560 | D        | Offered knowledge of Iron Shot by Vehumet.
  1638 | D        | Noticed a black mamba
  1644 | D        | Killed a black mamba
  1659 | D        | Noticed a spriggan rider
  1670 | D        | Noticed an orange demon
  1672 | D        | Killed an orange demon
  1672 | D        | Noticed Erica
  1674 | D        | Killed Erica
  1675 | D        | Reached XP level 11. HP: 55/56 MP: 6/37
  1727 | D        | Offered knowledge of Bolt of Magma by Vehumet.
  1899 | D        | Offered knowledge of Conjure Ball Lightning by Vehumet.
  1984 | D        | Noticed a vampire mage
  1984 | D        | Noticed an orc knight
  1988 | D        | Killed an orc knight
  1995 | D        | Killed a vampire mage
  2222 | D        | Noticed a lindwurm
  2225 | D        | Offered knowledge of Starburst by Vehumet.
  2227 | D        | Killed a lindwurm
  2360 | D        | Noticed a centaur warrior
  2363 | D        | Killed a centaur warrior
  2526 | D        | Offered knowledge of Yara's Violent Unravelling by Vehumet.
  2526 | D        | Killed a naga warrior
  2527 | D        | Reached XP level 12. HP: 61/61 MP: 40/42
  2551 | D        | Noticed Eustachio
  2555 | D        | Killed Eustachio
  2639 | D        | Noticed a red draconian
  2639 | D        | Noticed a black draconian
  2639 | D        | Noticed a tentacled monstrosity
  2640 | D        | Found the +4 Cigotuvi's embrace {rMiasma Drain rN+}
  2641 | D        | Noticed a fire giant
  2642 | D        | Killed a red draconian
  2643 | D        | Noticed a catoblepas
  2645 | D        | Killed a tentacled monstrosity
  2645 | D        | Noticed an eidolon
  2646 | D        | Killed a catoblepas
  2646 | D        | Killed a fire giant
  2647 | D        | Killed a black draconian
  2650 | D        | Killed an eidolon
  2691 | D        | Found the +7 Kryia's mail coat {PotionHeal*2 rC+}
  2891 | D        | Noticed an electric golem
  2894 | D        | Killed an electric golem
  2895 | D        | Reached XP level 13. HP: 65/65 MP: 31/45
  2946 | D        | Offered knowledge of Ozocubu's Refrigeration by Vehumet.
  2949 | D        | Noticed an iron dragon
  2954 | D        | Killed an iron dragon
  2955 | D        | Reached skill level 1 in Armour
  2955 | D        | Reached skill level 1 in Shields
  2955 | D        | Reached skill level 27 in Spellcasting
  3052 | D        | Noticed a pearl dragon
  3055 | D        | Killed a pearl dragon
  3394 | D        | Noticed a quicksilver dragon
  3398 | D        | Killed a quicksilver dragon
  3621 | D        | Noticed an orc warlord
  3621 | D        | Noticed an orc warlord
  3624 | D        | Noticed a stone giant
  3627 | D        | Noticed a deep elf blademaster
  3630 | D        | Killed an orc warlord
  3630 | D        | Killed a stone giant
  3631 | D        | Offered knowledge of Lehudib's Crystal Spear by Vehumet.
  3631 | D        | Offered knowledge of Fire Storm by Vehumet.
  3631 | D        | Offered knowledge of Chain Lightning by Vehumet.
  3635 | D        | Noticed a green death
  3639 | D        | Killed a deep elf blademaster
  3640 | D        | Killed an orc warlord
  3641 | D        | Reached skill level 5 in Armour
  3641 | D        | Reached skill level 27 in Earth Magic
  3649 | D        | Killed a green death
  3650 | D        | Reached skill level 10 in Dodging
  3650 | D        | Reached XP level 14. HP: 37/72 MP: 20/47
  3666 | D        | Learned a level 8 spell: Lehudib's Crystal Spear
  3877 | D        | Found the +3 hat of Pondering {ponderous, Will+ MP+10
                  | Int+5}
  3882 | D        | Got the +0 pair of gloves of the Ladybird {Dex+4}
  3952 | D        | Learned a level 9 spell: Fire Storm
  3970 | D        | Noticed Poloom the pandemonium lord
  3970 | D        | Noticed an apis
  3970 | D        | Noticed a fire giant
  3970 | D        | Found the +4 staff of Dispater
  3970 | D        | Noticed Dispater
  3970 | D        | Noticed an orc warlord
  3971 | D        | Noticed a Hell Sentinel
  3985 | D        | HP: 2/74 [acid (9)]
  3990 | D        | Killed an orc warlord
  3991 | D        | Killed Poloom the pandemonium lord
  3992 | D        | Killed a fire giant
  4190 | D        | Noticed a Hell Sentinel
  4193 | D        | Killed Dispater
  4194 | D        | Reached skill level 15 in Dodging
  4211 | D        | Killed an apis
  4212 | D        | Reached skill level 1 in Evocations
  4438 | D        | Noticed Igieq the pandemonium lord
  4444 | D        | Drowned by Igieq the pandemonium lord

Illustrated notes

Levels and vault maps discovered:
D:        pitsprint [storerooms_1, entrance_room_1, metal_vault_8, armoury_3,
          mini_pit_1, grid_room_1, main_hall_1, silver_pit, the_coven_3,
          the_vestibule_1, steel_vault_4, golden_pit, hallway_of_sentries,
          crystal_vault_1, iron_vault_3, final_vault]

Skill      XL: |  1  2  3  4  5  6  7  8  9 10 11 12 13 14 |
---------------+-------------------------------------------+-----
Dodging        | 4 5 6 7 10 15 | 15.4
Stealth        | 4 5 6 |  6.4
Spellcasting   | 6 8 9 10 13 16 18 20 24 26 27 | 27.0
Earth Magic    | 8 9 11 12 13 15 17 19 21 23 27 | 27.0
Conjurations   | 1 2 3 7 |  7.3
Fighting       | 1 2 3 |  3.5
Armour         | 5 7 |  7.6
Shields        | 3 4 |  4.4
Fire Magic     | 12 | 12.1
Evocations     | 1 |  1.1
Transmutations | |  1.8

Action                   |  1- 3 |  4- 6 |  7- 9 | 10-12 | 13-15 || total
-------------------------+-------+-------+-------+-------+-------++-------
Melee: Rapier            |       |       |       |     1 |       ||     1
 Cast: Sandblast         |     2 |     3 |       |     9 |       ||    14
       Stone Arrow       |       |     3 |     1 |     6 |       ||    10
       Lee's Rapid Decon |       |     7 |    26 |    73 |    58 ||   164
       Lehudib's Crystal |       |       |       |       |    18 ||    18
Evoke: Lightning rod     |       |       |       |       |     4 ||     4
       Wand              |       |       |       |       |     3 ||     3
  Use: Potion            |       |       |     2 |     3 |    13 ||    18
       Scroll            |       |       |       |       |     5 ||     5
Armor: Robe              |       |       |     1 |     3 |       ||     4
       Leather armour    |       |       |       |       |    13 ||    13
Dodge: Dodged            |       |     1 |     4 |    24 |    28 ||    57
Block: Other             |       |       |       |       |     8 ||     8
       Reflection        |       |       |       |       |     2 ||     2

Table legend: (Time is in decaauts)
 A = Elapsed time spent in this place.
 B = Non-inter-level travel time spent in this place.
 C = Inter-level travel time spent in this place.
 D = Time resting spent in this place.
 E = Time spent auto-exploring this place.
 F = Levels seen in this place.
 G = Mean time per level.
                   A        B        C        D        E       F      G
               +--------+--------+--------+--------+--------+-----+--------+
         Total |   4377 |   4377 |      0 |   2864 |     99 |   1 | 4377.0 |
       Dungeon |   4377 |   4377 |      0 |   2864 |     99 |   1 | 4377.0 |
               +--------+--------+--------+--------+--------+-----+--------+

Top non-repeatable levels by time:
       D: 4377 daAuts
